AoeStats
← Sroune Lambda

Arabia

506741912Analyzed
1v1 RM · 18d ago on Sep 14, 2026· 22m 36s· 2 players
Game mode
Random Map
Map size
Tiny (2 player)
Population
200
Speed
Normal
Resources
Standard
Victory
Conquest
Starting age
Dark Age
Ending age
Imperial Age
RankedLock teamsTeams togetherTeam positionsShared explorationLock speedFull tech treeHidden civsTurbo modeCheats
Victory
Defeat
🇪🇸 Chinese · Spain
968
+15
🇫🇷 Franks · France
949
-41
Sroune Lambda
6:33 Loom
11:55 Feudal Age
17:18 Double-Bit Axe
21:58 Castle Age
21:09 Wheelbarrow
21:54 Forging
21:54 Scale Barding Armor
Macbein
0:39 Loom
10:50 Feudal Age
16:24 Castle Age
16:04 Double-Bit Axe
16:03 Horse Collar
19:12 Bloodlines
21:50 Forging
Connection lost

Rejoining the realm…

Still unreachable

The connection could not be restored.

Session expired

The server has moved on; the page needs a fresh start.